 Dungeon Crawl Stone Soup version 0.29.0-4-gdea44cf6ec (webtiles) character file.

Game seed: 17951817373015117261

48 qw the Sneak (level 3, -1/23 HPs)
             Began as a Gargoyle Delver on Sept 10, 2022.
             Slain by a water moccasin (3 damage)
             ... in a sewer.
             The game lasted 00:00:15 (607 turns).

qw the Sneak (Gargoyle Delver)                       Turns: 607, Time: 00:00:16

Health: -1/23      AC:  8    Str: 17    XL:     3   Next: 72%
Magic:  3/3        EV: 10    Int: 10    God:
Gold:   20         SH:  0    Dex: 11    Spells: 2/2 levels left

rFire   . . .      SeeInvis .   Y - +0 hand axe
rCold   . . .      Faith    .   (no shield)
rNeg    + . .      Spirit   .   i - +0 ring mail
rPois   inf        Reflect  .   (no helmet)
rElec   +          Harm     .   (no cloak)
rCorr   .          Rampage  .   (no gloves)
Will    .....                   (no boots)
Stlth   ++........              (no amulet)
HPRegen 0.07/turn               (no ring)
MPRegen 0.08/turn               (no ring)

@: no status effects
A: sickness immunity, AC +3, negative energy resistance 1, electricity
resistance, torment resistance 1, petrification resistance
a: no special abilities


You were in a sewer.
You visited 1 branch of the dungeon, and saw 2 of its levels.
You also visited: Sewer.

You collected 20 gold pieces.


Innate Abilities, Weirdness & Mutations

You are immune to sickness and miasma.
Your stone body is resilient. (AC +3)
You are immune to poison.
You resist negative energy. (rN+)
You are resistant to electric shocks. (rElec)
You are resistant to unholy torment.
You are immune to petrification.


   Skills:
 - Level 3.2 Fighting
 + Level 3.6 Axes
 - Level 1.5 Dodging
 - Level 5.4 Stealth


You had 2 spell levels left.
You didn't know any spells.
Your spell library was empty.

Inventory:

Hand Weapons
 Y - a +0 hand axe (weapon)
Armour
 i - a +0 ring mail (worn)
Wands
 g - a wand of digging (3)
Potions
 f - a potion of haste

Dungeon Overview and Level Annotations

Branches:
Dungeon (5/15)              Sewer (1/1)
 Temple: D:4-7

Altars:


Message History

The bat is severely wounded.
The bat completely misses you. The bat hits you.
You slash the bat!
You kill the bat!
You start resting.
HP restored.
Found a potion of berserk rage.
Found a gate leading back out of this place.
A water moccasin comes into view.
You hit the water moccasin.
The water moccasin is lightly wounded.
The water moccasin bites you but does no damage.
You completely miss the water moccasin.
The water moccasin is lightly wounded.
The water moccasin bites you.
The water moccasin bites you but does no damage.
You barely miss the water moccasin.
The water moccasin is lightly wounded.
The water moccasin bites you but does no damage.
You hit the water moccasin.
The water moccasin is moderately wounded.
The water moccasin barely misses you. The water moccasin bites you.
You barely miss the water moccasin.
The water moccasin is moderately wounded.
The water moccasin bites you.
You barely miss the water moccasin.
The water moccasin is moderately wounded.
The water moccasin bites you. x2
You barely miss the water moccasin.
The water moccasin is moderately wounded.
The water moccasin bites you but does no damage.
The water moccasin bites you.
You hit the water moccasin but do no damage.
The water moccasin is moderately wounded.
The water moccasin bites you.
You barely miss the water moccasin.
The water moccasin is moderately wounded.
The water moccasin bites you. x2
You die...

##...## ##.##
#.# #.# #.# #.#
#.# .
#######.####....
\.......@S!.....
############....
.


You could see a water moccasin.

Vanquished Creatures
  A hound (D:4)
  An adder (D:4)
  2 giant cockroaches (D:4)
  2 quokkas (D:4)
  3 bats (Sewer)
9 creatures vanquished.

Notes
Turn   | Place    | Note
-------+----------+-------------------------------------------
     0 | D:5      | qw the Gargoyle Delver began the quest for the Orb.
     0 | D:5      | Reached XP level 1. HP: 14/14 MP: 1/1
     0 | D:5      | 0 ||| qw: Version: 0.1-a-116-g5d60599
     0 | D:5      | 0 ||| qw: Game counter: 8776
     0 | D:5      | 0 ||| qw: Always use a shield: true
     0 | D:5      | 0 ||| qw: God list: Okawaru
     0 | D:5      | 0 ||| qw: Allow faded altars: false
     0 | D:5      | 0 ||| qw: Do Orc after D:15 true
     0 | D:5      | 0 ||| qw: Do second Lair branch before Depths: true
     0 | D:5      | 0 ||| qw: Lair rune preference: random
     0 | D:5      | 0 ||| qw: Plans: Normal
     0 | D:5      | 0 ||| PLANNING D:1-11
    27 | D:5      | 27 ||| UPGRADING to +0 ring mail.
    37 | D:5      | 37 ||| DROPPING +0 leather armour.
    38 | D:5      | 38 ||| READING scroll labelled POOME ICOA.
    39 | D:5      | 39 ||| DROPPING scroll of fog.
    40 | D:5      | 40 ||| DROPPING scroll of magic mapping.
    41 | D:5      | 41 ||| DROPPING scroll of fear.
    51 | D:4      | 51 ||| PLANNING SEWER
    73 | D:4      | Reached XP level 2. HP: 14/19 MP: 2/2
   208 | D:4      | Reached skill level 3 in Axes
   208 | D:4      | Reached XP level 3. HP: 7/23 MP: 3/3
   452 | D:4      | Found a glowing drain.
   555 | Sewer    | Entered a sewer
   595 | Sewer    | Noticed a water moccasin
   605 | Sewer    | HP: 5/23 [water moccasin (2)]
   607 | Sewer    | HP: 2/23 [water moccasin (1)]
   607 | Sewer    | Slain by a water moccasin

Levels and vault maps discovered:
D:4:      layout_gridville, gammafunk_temple_overflow_claw,
          portal_sewer_entry_f, serial_shops, nicolae_square_shop
D:5:      gammafunk_wand_slinger, layout_rooms, serial_shops, kennysheep_mini,
          uniq_blork_the_orc
Sewer:    sewer_big_baddie

Skill      XL: |  1  2 |
---------------+-------+-----
Axes           | 2 3 |  3.6
Fighting       | |  3.2
Dodging        | |  1.5
Stealth        | |  5.4

Action                   || total
-------------------------++-------
Melee: Hand axe          ||    78
       Punch             ||     2
  Use: Scroll            ||     1
Armor: Ring mail         ||    40
Dodge: Dodged            ||    58

Table legend:
 A = Non-vault XP
 B = Vault XP
 C = Vault XP percentage of total XP
 D = Non-vault monster count
 E = Vault monster count
 F = Vault count percentage of total count
                 A         B        C        D         E       F
            +---------+---------+-------+---------+---------+-------
      Total |      58 |      11 |  15.9 |       2 |       7 |  77.8
            +---------+---------+-------+---------+---------+-------
        D:4 |      58 |       8 |  12.1 |       2 |       4 |  66.7
      Sewer |       0 |       3 | 100.0 |       0 |       3 | 100.0
            +---------+---------+-------+---------+---------+-------
